AoeStats
← DippityDang

Black Forest

510229443Analyzed
4v4 RM · 3d ago on Sep 30, 2026· 27m 16s· 8 players
Game mode
Random Map
Map size
Large (8 player)
Population
200
Speed
Normal
Resources
Standard
Victory
Conquest
Starting age
Dark Age
Ending age
Imperial Age
RankedLock teamsTeams togetherTeam positionsShared explorationLock speedFull tech treeHidden civsTurbo modeCheats
Victory
Defeat
🇨🇴 Bohemians · Colombia
1862
+9
🇦🇷 Mongols · Argentina
1840
+10
🇦🇷 Spanish · Argentina
1738
+14
🇺🇸 Khmer · United States
1628
+18
🇦🇷 Britons · Argentina
1742
-15
🇦🇷 Italians · Argentina
1740
-15
🇨🇳 Turks · China
1681
-12
🇦🇷 Slavs · Argentina
1605
-9
[Gaucho]Batata
6:09 Loom
9:02 Feudal Age
9:33 Double-Bit Axe
20:07 Castle Age
18:36 Fletching
19:20 Padded Archer Armor
21:01 Bow Saw
20:26 Crossbowman
21:02 Bodkin Arrow
23:25 Wheelbarrow
22:45 Horse Collar
小白
8:40 Loom
11:06 Feudal Age
13:28 Forging
13:47 Bloodlines
14:33 Scale Barding Armor
19:01 Wheelbarrow
19:15 Horse Collar
20:53 Double-Bit Axe
25:02 Castle Age
25:46 Husbandry
26:52 Bow Saw
26:44 Heavy Plow
27:01 Gold Mining
[Gaucho]El_Guille
6:36 Loom
11:51 Feudal Age
18:13 Castle Age
16:58 Bloodlines
16:56 Double-Bit Axe
20:55 Scale Barding Armor
24:15 Forging
26:45 Chain Barding Armor
26:59 Gold Mining
[Gaucho] Santi
0:51 Loom
11:59 Feudal Age
14:35 Fletching
24:08 Padded Archer Armor
29:01 Castle Age
DippityDang
6:42 Loom
10:14 Feudal Age
8:59 Loom
10:48 Feudal Age
14:01 Castle Age
12:19 Double-Bit Axe
12:22 Horse Collar
15:00 Bow Saw
20:34 Scale Barding Armor
21:31 Bloodlines
23:44 Husbandry
24:33 Loom
25:11 Chain Barding Armor
25:26 Forging
26:08 Gold Mining
28:10 Wheelbarrow
Matazombies
9:31 Feudal Age
9:52 Loom
10:46 Man-at-Arms
19:21 Fletching
29:02 Castle Age
27:17 Double-Bit Axe
27:17 Horse Collar
Sublime
4:48 Loom
14:38 Feudal Age
16:09 Double-Bit Axe
15:50 Man-at-Arms
21:47 Castle Age
20:04 Horse Collar
20:56 Stone Mining
Mr Fino
8:00 Feudal Age
8:29 Double-Bit Axe
9:22 Double-Bit Axe
9:40 Horse Collar
14:51 Forging
21:10 Castle Age
22:04 Bow Saw
22:55 Wheelbarrow
24:34 Loom
Connection lost

Rejoining the realm…

Still unreachable

The connection could not be restored.

Session expired

The server has moved on; the page needs a fresh start.